Map: 16-Bit LE

Players

ShoWTimE - Winner!

  • Race: Protoss Protoss
  • Spawn Location: 1:00

SKillous (Elroye)

  • Race: Zerg Zerg
  • Spawn Location: 7:00

Event: WCS Valencia 2018

VOD

Have the link to the VOD?

Description

Time

  • Played on: July 12, 2018, 7:46 a.m.
  • Length: 6:37

All games in this series

Show
View Real Time Build Order
Export as new Build Order

ShoWTimE Protoss - Winner!

Build Orders: 1 Gate Expand, Oracle Opening, Phoenix Opening, Zealot Archon, Archon Drop 

Get SALT Encoding   

  12  0:00  Probe  
  13  0:12  Probe  
  14  0:18  Pylon  
  14  0:24  Probe  
  15  0:32  Probe  
  15  0:41  Probe  
  16  0:44  Gateway  
  16  0:48  Assimilator  
  17  0:51  Probe  
  18  1:03  Probe  
  19  1:15  Probe  
  20  1:28  Nexus  
  20  1:37  Cybernetics Core  
  20  1:41  Probe  
  21  1:48  Assimilator  
  21  1:53  Probe  
  22  1:57  Pylon  
  22  2:06  Adept, Probe  
  25  2:18  Probe  
  25  2:21  Stargate  
  26  2:26  Warp Gate  
  26  2:30  Probe  
  26  2:34  Adept  
  26  2:36  Probe  
  29  2:42  Probe  
  29  2:44  Probe  
  32  2:54  Probe  
  32  2:56  Probe  
  34  2:59  Phoenix  
  34  3:02  Adept  
  36  3:06  Probe  
  36  3:09  Probe  
  40  3:15  Oracle  
  40  3:18  Probe  
  41  3:22  Probe  
  41  3:23  Pylon  
  45  3:30  Probe  
  46  3:36  Assimilator  
  46  3:38  Assimilator  
  46  3:41  Probe  
  47  3:42  Probe  
  47  3:45  Gateway  
  47  3:53  Robotics Facility  
  47  3:54  Probe  
  47  3:55  Probe  
  47  4:02  Probe  
  49  4:08  Probe  
  51  4:10  Pylon  
  51  4:13  Twilight Council, Probe  
  52  4:20  Probe  
  53  4:25  Probe  
  53  4:28  Charge  
  53  4:30  Warp Prism  
  53  4:31  Gateway  
  54  4:32  Gateway, Probe  
  57  4:50  Templar Archives  
  57  4:52  Pylon  
  57  4:59  Gateway  
  57  5:03  Gateway  
  57  5:05  Probe  
  59  5:20  Nexus  
  58  5:25  Pylon  
  58  5:28  High Templar x3  
  62  5:29  High Templar  
  62  5:30  Observer  
  62  5:32  Archon  
  62  5:33  Archon  
  62  5:35  Probe x2  
  69  5:38  Pylon  
  69  5:47  Probe x2  
  71  6:01  Zealot x6  
  81  6:18  Pylon  
  81  6:24  Zealot x2  
  81  6:25  Zealot  
  85  6:32  Zealot x3  
Show
View Real Time Build Order
Export as new Build Order

SKillous Zerg 

Build Orders: Hatch First 

Get SALT Encoding   

  12  0:00  Drone  
  13  0:12  Overlord  
  13  0:18  Drone  
  14  0:31  Drone x2  
  16  0:36  Drone  
  17  0:54  Hatchery  
  17  0:57  Drone  
  17  1:00  Drone  
  18  1:11  Extractor  
  18  1:16  Spawning Pool  
  16  1:19  Drone  
  16  1:22  Drone  
  18  1:30  Drone  
  19  1:39  Drone  
  20  1:50  Overlord  
  20  2:01  Drone  
  20  2:06  Queen  
  20  2:07  Drone  
  24  2:08  Queen  
  24  2:14  Metabolic Boost  
  26  2:31  Hatchery  
  26  2:34  Drone  
  27  2:37  Drone  
  27  2:41  Drone  
  27  2:43  Drone  
  29  2:45  Drone  
  29  2:48  Drone  
  31  2:53  Overlord  
  31  2:55  Zergling x2  
  31  2:58  Zergling x2  
  33  3:06  Queen  
  33  3:09  Drone  
  36  3:16  Spore Crawler  
  34  3:20  Drone  
  34  3:21  Drone x3  
  34  3:22  Drone  
  40  3:27  Overlord  
  40  3:28  Drone  
  40  3:31  Drone x2  
  40  3:33  Drone  
  44  3:43  Overlord  
  44  3:45  Queen  
  46  3:50  Drone  
  46  3:53  Spore Crawler  
  46  3:55  Drone  
  46  3:56  Drone x2  
  46  3:57  Spore Crawler  
  46  3:59  Drone x2  
  46  4:02  Drone x2  
  52  4:07  Extractor  
  52  4:08  Drone  
  52  4:10  Drone x2  
  52  4:15  Drone x2  
  52  4:16  Lair  
  56  4:22  Drone x2  
  57  4:24  Drone x2  
  58  4:34  Overlord  
  58  4:39  Extractor  
  58  4:42  Drone  
  58  4:43  Overlord  
  58  4:52  Queen  
  60  4:53  Overlord  
  60  4:54  Drone x4  
  60  4:55  Drone x2  
  60  4:57  Overlord  
  66  5:00  Extractor, Drone  
  66  5:04  Drone x4  
  70  5:13  Drone x2  
  70  5:14  Drone x5  
  75  5:15  Hydralisk Den  
  75  5:17  Drone  
  75  5:18  Evolution Chamber, Drone  
  77  5:21  Extractor  
  76  5:39  Baneling Nest  
  76  5:42  Drone  
  76  5:45  Drone  
  76  5:46  Drone x3  
  76  5:49  Drone  
  80  5:50  Extractor  
  80  5:51  Hydralisk  
  80  5:52  Hydralisk x6  
  88  6:04  Hydralisk x2  
  89  6:12  Zergling x2  
  89  6:13  Zergling x4  
Tags
 
Add a new tag
Caveats
  • Supply blocks, unpowered buildings, or Contaminate may cause inaccurate times.
  • Supply counts are checked every 10 seconds.